 Dungeon Crawl Stone Soup version 0.26-a0-818-g75db068ed4 (webtiles) character file.

Game seed: 16160622249337650861

1398 jasper the Cleaver (level 8, -2/67 HPs)
             Began as a Palentonga Delver on Nov 14, 2020.
             Was a Priest of Wu Jian.
             Slain by a bullfrog (4 damage)
             ... on level 6 of the Dungeon.
             The game lasted 00:07:23 (5774 turns).

jasper the Cleaver (Palentonga Delver)              Turns: 5774, Time: 00:07:24

Health: -2/67      AC: 16    Str: 17    XL:     8   Next: 41%
Magic:  8/8        EV:  4    Int: 11    God:    Wu Jian [***...]
Gold:   99         SH: 13    Dex: 12    Spells: 7/7 levels left

rFire    + . .     SeeInvis +   a - +0 hand axe
rCold    . . .     Faith    .   l - +2 tower shield {AC+3}
rNeg     + . .     Spirit   .   v - +0 ring mail
rPois    .         Reflect  .   u - +0 hat {MR+}
rElec    .         Harm     .   (no cloak)
rCorr    .         Rampage  .   y - +0 pair of gloves
MR       +....                  (no barding)
Stlth    ++........             (no amulet)
HPRegen  0.21/turn              r - ring of positive energy
MPRegen  0.11/turn              t - ring of protection from fire

@: lethally poisoned (-2 -> -15), curled up
A: large, rugged brown scales 3, see invisible, deformed body, roll 1, armoured
tail, reflexive curl
a: Rolling Charge, Wall Jump, Serpent's Lash, Renounce Religion


You were on level 6 of the Dungeon.
You worshipped Wu Jian.
Wu Jian was most pleased with you.
You visited 1 branch of the dungeon, and saw 6 of its levels.

You collected 231 gold pieces.
You spent 132 gold pieces at shops.

Inventory:

Hand Weapons
 a - a +0 hand axe (weapon)
Missiles
 f - 49 stones (quivered)
 s - 2 boomerangs
Armour
 b - a +0 leather armour
 k - a +0 kite shield
 l - a +2 tower shield of protection (worn)
 u - a +0 hat of magic resistance (worn)
 v - a +0 ring mail (worn)
 y - a +0 pair of gloves (worn)
Jewellery
 o - an uncursed ring of resist corrosion
 r - a ring of positive energy (left hand)
 t - a ring of protection from fire (right hand)
Wands
 g - a wand of digging (3)
 q - a wand of polymorph (8)
Scrolls
 c - a scroll of fog
 d - 3 scrolls of magic mapping
 e - 2 scrolls of fear
 i - 8 scrolls of identify {unknown}
 j - 2 scrolls of immolation {unknown}
 m - 2 scrolls of teleportation {unknown}
 n - a scroll of enchant weapon {unknown}
 p - 7 scrolls of remove curse {unknown}
 A - a scroll of amnesia {unknown}
Potions
 h - 2 potions of magic
 w - 2 potions of attraction {unknown}
 x - a potion of degeneration {unknown}
 z - a potion of flight {unknown}
 B - a potion of cancellation {unknown}


   Skills:
 - Level 3.0 Fighting
 + Level 10.5 Axes
 - Level 1.5 Dodging
 - Level 3.3 Stealth


You had 7 spell levels left.
You didn't know any spells.
Your spell library was empty.

Dungeon Overview and Level Annotations

Branches:
Dungeon (6/15)             Temple (0/1) D:5

Altars:
Wu Jian

Shops:
D:4 [

Annotations:
D:4 3 runed translucent doors, nago's ghost, weakling GnDe


Innate Abilities, Weirdness & Mutations

You are completely covered in rugged brown scales. (AC +3, +7% HP)
You have supernaturally acute eyesight. (SInv)
Armour fits poorly on your strangely shaped body.
You can roll at nearby foes to attack.
You have a long armoured tail.
You curl defensively after being hit.


Message History

The scorpion is moderately wounded.
* * * LOW HITPOINT WARNING * * *
You feel sick. You block the scorpion's attack.
Your shield prevents you from hitting the scorpion.
You tail-slap the scorpion!
You kill the scorpion!
The Council accepts your kill.
* * * LOW HITPOINT WARNING * * *
You feel sick.
The bullfrog hits you but does no damage.
You hit the bullfrog.
The bullfrog is lightly wounded.
* * * LOW HITPOINT WARNING * * *
You feel sick. The bullfrog hits you.
* * * LOW HITPOINT WARNING * * *
You barely miss the bullfrog.
The bullfrog is lightly wounded.
* * * LOW HITPOINT WARNING * * *
You feel sick. The bullfrog hits you.
You die...

#.##....5..#
#?.#.Y(.####.#
#.#.........#
#.....#######
##...<...#
#>..#.#....#
##.Z[.# ##.#
..##gl######
..'..oF@...#
..#..h###..#
###.# ..# #..
..# ... ..#
... ..# .....
### ...


You could see a bullfrog, an iguana, a gnoll, an orc and a jackal.

Vanquished Creatures
  Eustachio (D:5)
  Menkaure (D:5)
  An ice beast (D:6)
  A centaur (D:5)
  3 bullfrogs (D:6)
  2 scorpions
  A howler monkey (D:6)
  2 orc priests (D:5)
  4 hounds
  A gnoll shaman (D:4)
  2 orc wizards
  Natasha (twice) (D:4)
  2 worker ants
  A killer bee zombie (D:5)
  9 adders
  5 gnolls (D:4)
  A river rat (D:3)
  2 ufetubi (D:6)
  An ooze (D:3)
  An adder zombie (D:5)
  4 worms
  2 dart slugs
  8 leopard geckos
  3 orcs
  A ball python (D:3)
  9 bats
  8 giant cockroaches
  13 goblins
  10 hobgoblins
  4 jackals (D:3)
  3 quokkas (D:3)
  6 frilled lizards
  7 kobolds
  A leopard gecko skeleton (D:4)
  A rat (D:3)
123 creatures vanquished.

Notes
Turn   | Place    | Note
-------+----------+-------------------------------------------
     0 | D:5      | jasper the Palentonga Delver began the quest for the Orb.
     0 | D:5      | Reached XP level 1. HP: 20/20 MP: 1/1
     2 | D:5      | Noticed Eustachio
   323 | D:3      | Reached XP level 2. HP: 21/27 MP: 2/2
   430 | D:3      | Reached skill level 3 in Axes
   626 | D:2      | Reached XP level 3. HP: 25/33 MP: 3/3
   810 | D:2      | Found a faded altar of an unknown god.
   848 | D:2      | Noticed a scorpion
   893 | D:2      | Killed a scorpion
   894 | D:2      | Reached skill level 4 in Axes
   894 | D:2      | Reached XP level 4. HP: 39/40 MP: 4/4
   914 | D:2      | Became a worshipper of the Wu Jian Council
   914 | D:2      | Reached * piety under Wu Jian
  1239 | D:2      | Reached skill level 5 in Axes
  1889 | D:1      | Reached XP level 5. HP: 47/48 MP: 5/5
  1915 | D:1      | Reached ** piety under Wu Jian
  3240 | D:4      | Found a runed translucent gate.
  3240 | D:4      | Found a runed translucent gate.
  3240 | D:4      | Found a runed translucent gate.
  3240 | D:4      | Noticed nago's ghost (weakling GnDe)
  3302 | D:4      | Noticed Natasha
  3308 | D:4      | Killed Natasha
  3309 | D:4      | Reached skill level 6 in Axes
  3332 | D:4      | Reached XP level 6. HP: 20/54 MP: 6/6
  3334 | D:4      | HP: 1/54 [gnoll (3)]
  3768 | D:4      | Reached skill level 7 in Axes
  4029 | D:4      | Noticed Natasha
  4034 | D:4      | Killed Natasha
  4127 | D:4      | Reached *** piety under Wu Jian
  4128 | D:4      | Found Lefuel's Armour Emporium.
  4343 | D:4      | Bought a +0 hat of magic resistance for 132 gold pieces
  4689 | D:5      | Gained mutation: You curl defensively after being hit.
                  | [Palentonga growth]
  4689 | D:5      | Reached XP level 7. HP: 42/60 MP: 7/7
  4698 | D:5      | Reached skill level 8 in Axes
  5031 | D:5      | Noticed Menkaure
  5043 | D:5      | Killed Menkaure
  5254 | D:5      | Found a staircase to the Ecumenical Temple.
  5297 | D:5      | Killed Eustachio
  5298 | D:5      | Reached skill level 9 in Axes
  5694 | D:6      | Reached XP level 8. HP: 67/67 MP: 8/8
  5727 | D:6      | Reached skill level 10 in Axes
  5773 | D:6      | HP: 3/67 [bullfrog (4)]
  5774 | D:6      | Slain by a bullfrog

Illustrated notes

Levels and vault maps discovered:
D:1:      psy_arrival_basics, layout_basic
D:2:      layout_basic, chequers_ecumenical_altar_lobes, serial_glass,
          glass_columns_b, glass_columns_a, kennysheep_big_empty_room
D:3:      layout_basic, gup_sewer_entry_spiral, due_unseen_surprise
D:4:      layout_gridville, gammafunk_ghost_necromancy, serial_shops,
          kennysheep_mini_moat, uniq_natasha
D:5:      layout_cave_pools, minmay_temple_entry_statues_pillars, uniq_menkaure,
          uniq_eustachio
D:6:      lemuel_castle_with_subvaults [lemuel_castle_interior_carwin_2],
          layout_basic, minitemple, lemuel_round_altar

Skill      XL: |  1  2  3  4  5  6  7  8 |
---------------+-------------------------+-----
Axes           | 3 4 5 6 7 9 10 | 10.5
Fighting       | |  3.0
Dodging        | |  1.5
Stealth        | |  3.3

Action                   |  1- 3 |  4- 6 |  7- 9 || total
-------------------------+-------+-------+-------++-------
Melee: Hand axe          |    62 |   298 |   161 ||   521
       Tailslap          |     9 |    24 |    19 ||    52
Throw: Stone             |       |    15 |     5 ||    20
Invok: Whirlwind         |       |    12 |    14 ||    26
       Lunge             |       |     3 |       ||     3
       Serpent's Lash    |       |       |     2 ||     2
 Abil: Rolling Charge    |    10 |    41 |    13 ||    64
  Use: Potion            |     1 |     4 |       ||     5
 Stab: Sleeping          |     1 |     2 |       ||     3
Armor: Leather armour    |    30 |    37 |       ||    67
       Ring mail         |       |    53 |    48 ||   101
Dodge: Dodged            |    14 |    34 |    17 ||    65
Block: Tower shield      |    19 |   200 |   101 ||   320
       Kite shield       |     1 |       |       ||     1

Table legend: (Time is in decaauts)
 A = Elapsed time spent in this place.
 B = Non-inter-level travel time spent in this place.
 C = Inter-level travel time spent in this place.
 D = Time resting spent in this place.
 E = Time spent auto-exploring this place.
 F = Levels seen in this place.
 G = Mean time per level.
                   A        B        C        D        E       F      G
               +--------+--------+--------+--------+--------+-----+--------+
         Total |   5868 |   5667 |    201 |   1002 |   3669 |   6 |  978.0 |
       Dungeon |   5868 |   5667 |    201 |   1002 |   3669 |   6 |  978.0 |
               +--------+--------+--------+--------+--------+-----+--------+

Top non-repeatable levels by time:
     D:4: 1749 daAuts
     D:3: 1364 daAuts
     D:2: 1053 daAuts
     D:5: 1023 daAuts
     D:1: 580 daAuts
     D:6: 97 daAuts
